 Dungeon Crawl Stone Soup version 0.27.1-33-g824d729ab1 (webtiles) character file.

Game seed: 7462409571259369680

60 zeram the Covert (level 3, -5/18 HPs)
             Began as a Spriggan Brigand on Nov 27, 2021.
             Slain by a scorpion (8 damage)
             ... on level 3 of the Dungeon.
             The game lasted 00:02:57 (2039 turns).

zeram the Covert (Spriggan Brigand)                 Turns: 2039, Time: 00:02:58

Health: -5/18      AC:  3    Str:  7    XL:     3   Next: 82%
Magic:  4/4        EV: 16    Int: 13    God:
Gold:   1134       SH:  0    Dex: 16    Spells: 2/2 levels left

rFire    . . .     SeeInvis +   a - +3 dagger
rCold    . . .     Faith    .   (shield restricted)
rNeg     . . .     Spirit   .   b - +0 robe
rPois    .         Reflect  .   (helmet restricted)
rElec    .         Harm     .   c - +0 cloak
rCorr    .         Rampage  .   (gloves unavailable)
Will     .....                  (boots unavailable)
Stlth    ++++......             (no amulet)
HPRegen  0.06/turn              (no ring)
MPRegen  0.09/turn              (no ring)

@: lethally poisoned (-5 -> -15), very quick
A: very small, no large weapons, unfitting armour, see invisible, speed 3
a: no special abilities


You were on level 3 of the Dungeon.
You visited 1 branch of the dungeon, and saw 3 of its levels.

You collected 1134 gold pieces.

Inventory:

Hand Weapons
 a - a +3 dagger (weapon)
Missiles
 d - 18 poisoned darts (quivered)
 e - 2 curare-tipped darts
Armour
 b - a +0 robe (worn)
 c - a +0 cloak (worn)
Jewellery
 h - an amulet of faith
Scrolls
 j - a scroll of acquirement
Potions
 f - a potion of heal wounds
 g - a potion of brilliance {unknown}
 i - a potion of haste {unknown}


   Skills:
 - Level 1.6 Fighting
 - Level 2.3 Short Blades
 - Level 2.0 Throwing
 - Level 1.5 Dodging
 + Level 8.2 Stealth


You had 2 spell levels left.
You didn't know any spells.
Your spell library contained the following spells:

 Spells                   Type           Power      Damage    Failure   Level
 Magic Dart               Conj           0%         1d3       30%         1
 Call Imp                 Summ           0%         N/A       43%         2
 Mephitic Cloud           Conj/Pois/Air  0%         N/A       67%         3


Dungeon Overview and Level Annotations

Branches:
Dungeon (3/15)

Altars:

Shops:
D:2 [


Innate Abilities, Weirdness & Mutations

You are very small and have problems with some larger weapons.
You are too small for most types of armour.
You have supernaturally acute eyesight. (SInv)
You cover ground extremely quickly. (Speed+++)


Message History

(D) Dungeon
Where to? (Enter - D:2, ? - help)
There is an entrance to Suqicen's Armour Shop here.
There is a stone staircase leading down here.
You climb downwards.
Found 9 gold pieces.
There is a stone staircase leading up here.
You now have 1134 gold pieces (gained 9).
You open the door.
A scorpion comes into view.
A scorpion is nearby!
A scorpion is nearby!
A scorpion is nearby!
There is an open door here.
You hit the scorpion but do no damage. The scorpion closely misses you.
This spell is extremely dangerous to cast!
Memorise Call Imp, consuming 2 spell levels and leaving 0?
The scorpion stings you.
Your memorisation is interrupted.
You don't know any spells.
Okay, then.
You hit the scorpion.
The scorpion is lightly wounded.
The scorpion completely misses you.
You barely miss the scorpion.
The scorpion is lightly wounded.
The scorpion barely misses you.
You hit the scorpion.
The scorpion is lightly wounded.
The scorpion misses you.
You hit the scorpion.
The scorpion is lightly wounded.
The scorpion stings you!
You are lethally poisoned!
The scorpion poisons you!
You hit the scorpion but do no damage.
The scorpion is lightly wounded.
* * * LOW HITPOINT WARNING * * *
You feel very sick. The scorpion stings you!
You die...

###########
#.........#
#......<#.#
#########@#
#s# #'#
#....#
#....#
#.....
.......
##.######
#.


You could see a scorpion.

Vanquished Creatures
  A hound skeleton (D:2)
  An adder (D:2)
  A worm (D:2)
  3 dart slugs
  4 bats
  4 endoplasms (D:1)
  3 giant cockroaches
  A hobgoblin (D:2)
  2 kobolds
  A quokka (D:2)
  2 ball pythons (D:2)
  3 frilled lizards
  3 goblins (D:1)
  3 rats
32 creatures vanquished.

Notes
Turn   | Place    | Note
-------+----------+-------------------------------------------
     0 | D:1      | zeram the Spriggan Brigand began the quest for the Orb.
     0 | D:1      | Reached XP level 1. HP: 10/10 MP: 2/2
    27 | D:1      | Reached skill level 6 in Stealth
   481 | D:1      | Reached XP level 2. HP: 11/14 MP: 3/3
  1086 | D:1      | Reached skill level 7 in Stealth
  1213 | D:1      | Identified a scroll of acquirement
  1213 | D:1      | Acquired 1058 gold pieces
  1253 | D:2      | Reached XP level 3. HP: 18/18 MP: 4/4
  1254 | D:2      | Found Suqicen's Armour Shop.
  1413 | D:2      | Found a faded altar of an unknown god.
  1470 | D:2      | Reached skill level 8 in Stealth
  2029 | D:3      | Noticed a scorpion
  2039 | D:3      | Slain by a scorpion

Illustrated notes

Levels and vault maps discovered:
D:1:      amcnicky_arrival_flooded_fountain, layout_basic, minmay_liquid_box
D:2:      layout_loops_ring, chequers_ecumenical_altar_simple_redux,
          serial_shops, shop, kennysheep_pointless_box
D:3:      kennysheep_big_flooded_room, layout_basic, nicolae_ashenzari_skybound,
          uniq_terence

Skill      XL: |  1  2  3 |
---------------+----------+-----
Stealth        | 6 7 8 |  8.2
Fighting       | |  1.6
Short Blades   | |  2.3
Throwing       | |  2.0
Dodging        | |  1.5

Action                   || total
-------------------------++-------
Melee: Dagger            ||    78
Throw: Dart              ||     1
  Use: Scroll            ||     5
 Stab: Sleeping          ||    16
       Distracted        ||     1
Armor: Robe              ||     5
Dodge: Dodged            ||    31
